 Dungeon Crawl Stone Soup version 0.23.1 (webtiles) character file.

Game seed: 8188903610673114265

352 Borgoz the Sneak (level 6, -1/49 (50) HPs)
             Began as a Ghoul Enchanter on Mar 3, 2019.
             Slain by a wyvern zombie (10 damage)
             ... on level 6 of the Dungeon.
             The game lasted 00:06:41 (3020 turns).

Borgoz the Sneak (Ghoul Enchanter)                  Turns: 3020, Time: 00:06:41

HP:   -1/49 (50)    AC:  9    Str: 12    XL:     6   Next: 62%
MP:   17/17         EV: 13    Int: 10    God:
Gold: 197           SH:  0    Dex: 14    Spells: 8/9 levels left

rFire    . . .     SeeInvis .   a - +2 short sword (venom)
rCold    + . .     Gourm    .   (no shield)
rNeg     + + +     Faith    .   y - +0 troll leather armour {Purgy}
rPois    ∞         Spirit   .   t - +1 helmet
rElec    .         Reflect  .   (no cloak)
rCorr    .         Harm     .   p - +2 pair of gloves
MR       .....                  (no boots)
Stlth    ++........             (no amulet)
HPRegen  0.00/turn              h - ring of magical power
MPRegen  0.15/turn              A - +3 ring of dexterity

@: rotting
A: rotting body, claws 1, carnivore, cold resistance 1, negative energy
resistance 3, inhibited regeneration, torment resistance, unbreathing
a: no special abilities


You were on level 6 of the Dungeon.
You were not hungry.

You visited 1 branch of the dungeon, and saw 5 of its levels.
You also visited: Sewer.

You collected 197 gold pieces.

Inventory:

Hand Weapons
 a - a +2 short sword of venom (weapon)
 b - a +2 short sword of draining
 n - a +0 dagger of holy wrath
Missiles
 e - 4 poisoned needles
Armour
 p - a +2 pair of gloves (worn)
 t - a +1 helmet (worn)
 w - the +1 robe of Niedwian {rElec rCorr}
   (You found it on level 4 of the Dungeon)

   It insulates you from electricity.
   It provides partial protection from all sources of acid and corrosion.
 y - a +0 troll leather armour (worn) {Purgy}
Jewellery
 h - a ring of magical power (left hand)
 A - a +3 ring of dexterity (right hand)
Wands
 z - a wand of enslavement (7)
Scrolls
 f - a scroll of immolation {unknown}
 g - a scroll of amnesia {unknown}
 j - 3 scrolls of magic mapping {unknown}
 k - a scroll of random uselessness {unknown}
 l - a scroll of identify
 m - a scroll of fear {unknown}
 s - a scroll of remove curse
 u - a scroll of teleportation
 v - 2 scrolls of enchant armour {unknown}
Potions
 c - a potion of magic {unknown}
 i - a potion of lignification {unknown}
 o - 3 potions of curing
 x - a potion of degeneration
Comestibles
 d - 12 rations
 r - a chunk of flesh


   Skills:
 * Level 2.5 Fighting
 * Level 2.6 Short Blades
 * Level 2.2 Armour
 * Level 3.2 Dodging
 + Level 3.9 Stealth
 + Level 2.3 Spellcasting
 + Level 2.8 Hexes


You had 8 spell levels left.
You knew the following spells:

 Your Spells              Type           Power        Failure   Level  Hunger
a - Corona                Hex            #......      12%         1    ##.....

Your spell library contained the following spells:

 Spells                   Type           Power        Failure   Level  Hunger
 Ensorcelled Hibernation  Hex/Ice        #.....       32%         2    ###....
 Confuse                  Hex            #.......     34%         3    ####...
 Tukima's Dance           Hex            #.......     34%         3    ####...
 Dazzling Spray           Conj/Hex       #.....       54%         3    ####...


Dungeon Overview and Level Annotations

Branches:
Dungeon (4/15)
 Temple: D:4-7

Altars:
Makhleb
Uskayaw
Xom
Yredelemnul

Annotations:
D:4 Robin


Innate Abilities, Weirdness & Mutations

Your body is rotting away.
You thrive on raw meat.
You are immune to poison.
You have sharp fingernails.
You are carnivorous and can eat meat at any time.
Your flesh is cold resistant. (rC+)
You are immune to negative energy. (rN+++)
You do not regenerate when monsters are visible.
You are immune to unholy pain and torment.
You can survive without breathing.


Message History

The wyvern zombie is severely damaged.
The wyvern zombie bites you.
You hit the wyvern zombie.
The wyvern zombie is severely damaged.
The wyvern zombie misses you. The wyvern zombie barely misses you.
You hit the wyvern zombie.
The wyvern zombie is severely damaged.
The wyvern zombie bites you but does no damage.
You hit the wyvern zombie.
The wyvern zombie is severely damaged.
The wyvern zombie bites you!
You hit the wyvern zombie.
The wyvern zombie is almost destroyed.
The wyvern zombie completely misses you.
The wyvern zombie bites you!
* * * LOW HITPOINT WARNING * * *
You hit the wyvern zombie but do no damage.
The wyvern zombie is almost destroyed.
The wyvern zombie bites you!
You die...

#...# ####......
###...##.........# # .
..........##......
.#$.
)................. $..
..........# #....##..
#.#...#).####....#.#.#
#.#...#..............#
#.#)..#.# #Z#
#.#...#.# #@#
#.##.##.## ##.##
#........# ##...####
########.# ##.........
##.####......(#..
#.............#
#..####......... #(.#
.......##.# #..#
#..........#


You could see a wyvern zombie.

Vanquished Creatures
  Purgy (Sewer)
  A scorpion (D:4)
  A hound (D:4)
  Terence (D:3)
  A worker ant (D:4)
  3 adders
  An ooze (D:4)
  4 worms
  A leopard gecko (D:3)
  2 orcs
  3 ball pythons
  9 bats
  3 giant cockroaches
  2 gnoll zombies (D:2)
  11 goblins
  12 hobgoblins
  5 jackals
  11 kobolds
  3 quokkas
  3 frilled lizards
  6 rats
84 creatures vanquished.

Notes
Turn   | Place    | Note
-------+----------+-------------------------------------------
     0 | D:1      | Borgoz the Ghoul Enchanter began the quest for the Orb.
     0 | D:1      | Reached XP level 1. HP: 14/14 MP: 2/2
    17 | D:1      | Reached skill level 1 in Short Blades
   154 | D:1      | Reached XP level 2. HP: 16/22 MP: 3/3
   682 | D:2      | Reached XP level 3. HP: 23/27 MP: 4/4
   816 | D:2      | Found a hide-covered altar of Uskayaw.
   818 | D:2      | Found a burning altar of Makhleb.
   823 | D:2      | Reached skill level 1 in Armour
   972 | D:2      | Reached skill level 1 in Fighting
  1132 | D:2      | Reached XP level 4. HP: 35/35 MP: 5/5
  1177 | D:2      | Found a basalt altar of Yredelemnul.
  1464 | D:3      | Noticed Terence
  1479 | D:3      | Killed Terence
  1621 | D:3      | Found a shimmering altar of Xom.
  2042 | D:3      | Reached XP level 5. HP: 26/40 MP: 7/7
  2471 | D:4      | Reached XP level 6. HP: 39/47 MP: 8/8
  2501 | D:4      | Got an ominously black robe
  2630 | D:4      | Noticed Robin
  2702 | D:4      | Found a glowing drain.
  2732 | Sewer    | Entered a sewer
  2840 | Sewer    | Identified the +1 robe of Niedwian {rElec rCorr} (You found
                  | it on level 4 of the Dungeon)
  2841 | Sewer    | Noticed Purgy
  2856 | Sewer    | Killed Purgy
  2959 | D:4      | You fall through a shaft for 2 floors!
  3020 | D:6      | Slain by a wyvern zombie

Skill      XL: |  1  2  3  4  5  6 |
---------------+-------------------+-----
Short Blades   | 1 2 |  2.6
Dodging        | 2 3 |  3.2
Armour         | 1 2 |  2.2
Fighting       | 1 2 |  2.5
Spellcasting   | 2 |  2.3
Stealth        | |  3.9
Hexes          | |  2.8

Action                   |  1- 3 |  4- 6 || total
-------------------------+-------+-------++-------
Melee: Dagger            |    27 |       ||    27
       Short sword       |    89 |   178 ||   267
  Use: Scroll            |       |     6 ||     6
       Potion            |       |     2 ||     2
 Stab: Sleeping          |     4 |     6 ||    10
  Eat: Chunk             |    17 |    11 ||    28
Armor: Robe              |    31 |     8 ||    39
       Leather armour    |       |    51 ||    51
       Troll leather arm |       |     5 ||     5
Dodge: Dodged            |    83 |   118 ||   201
